 Dungeon Crawl Stone Soup version 0.29.0-4-gdea44cf6ec (webtiles) character file.

Game seed: 16867687508522879963

155 qw the Chopper (level 5, -4/30 HPs)
             Began as a Tengu Warper on Aug 28, 2022.
             Slain by Crazy Yiuf
             ... wielding a +3 quarterstaff of chaos
              (7 damage)
             ... on level 3 of the Dungeon.
             The game lasted 00:00:19 (2820 turns).

qw the Chopper (Tengu Warper)                       Turns: 2820, Time: 00:00:19

Health: -4/30      AC: 13    Str: 13    XL:     5   Next: 37%
Magic:  9/9        EV:  4    Int: 13    God:
Gold:   285        SH:  0    Dex: 14    Spells: 8/8 levels left

rFire   . . .      SeeInvis .   Y - +0 hand axe
rCold   . . .      Faith    .   (no shield)
rNeg    . . .      Spirit   .   e - +0 plate armour
rPois   .          Reflect  .   a - +2 hat
rElec   .          Harm     .   k - +0 cloak
rCorr   .          Rampage  .   (no gloves)
Will    .....                   (boots unavailable)
Stlth   ..........              (no amulet)
HPRegen 0.10/turn               (no ring)
MPRegen 0.11/turn               (no ring)

@: lethally poisoned (-4 -> -11), flying quickly and evasively, quick
A: beak, talons 3, nimble flight
a: no special abilities


You were on level 3 of the Dungeon.
You visited 1 branch of the dungeon, and saw 3 of its levels.

You collected 285 gold pieces.


Innate Abilities, Weirdness & Mutations

You have a beak for a mouth.
You have claws for feet.
Your magical nature lets you fly swiftly and evasively.


   Skills:
 - Level 2.0 Fighting
 + Level 5.6 Axes
 - Level 1.0 Throwing
 - Level 2.0 Armour
 - Level 2.1 Dodging
 - Level 2.0 Spellcasting
 - Level 2.4 Translocations


You had 8 spell levels left.
You didn't know any spells.
Your spell library contained the following spells:

 Spells                   Type           Power      Damage    Failure   Level
 Blink                    Tloc           14%        N/A       100%        2
 Gell's Gravitas          Tloc           7%         N/A       100%        3
 Lesser Beckoning         Tloc           7%         N/A       100%        3
 Teleport Other           Tloc           7%         N/A       100%        3
 Manifold Assault         Tloc           7%         N/A       100%        5

Inventory:

Hand Weapons
 j - a +0 morningstar
 Y - a +0 hand axe (weapon)
Armour
 a - a +2 hat (worn)
 e - a +0 plate armour (worn)
 k - a +0 cloak (worn)
Scrolls
 c - a scroll of identify
Potions
 b - a potion of ambrosia {unknown}
 d - 2 potions of might
 f - a potion of attraction {unknown}
 h - a potion of lignification {unknown}
 n - a potion of haste {unknown}

Dungeon Overview and Level Annotations

Branches:
Dungeon (3/15)

Altars:

Annotations:
D:3 Crazy Yiuf


Message History

You hit the bat. Your kick misses the bat.
The bat is heavily wounded.
The bat hits you but does no damage. x2
You hit the bat.
You kill the bat!
You now have 214 gold pieces (gained 11).
There is a stone staircase leading up here.
You see here a +0 dagger.
There is an open door here.
You now have 227 gold pieces (gained 13).
You now have 242 gold pieces (gained 15).
You now have 257 gold pieces (gained 15).
You now have 265 gold pieces (gained 8).
There is a roughly hewn altar of Beogh here.
You now have 276 gold pieces (gained 11).
You now have 285 gold pieces (gained 9).
There is an open door here.
You see here a +0 dagger.
There is a stone staircase leading up here.
Crazy Yiuf shouts!
Enter note: Could not explore, unopened runed door.
Could not explore, unopened runed door.
2815 ||| Stepping randomly (stuck).
You reach down and open the door.
You barely miss Crazy Yiuf. You claw Crazy Yiuf. Your peck misses Crazy Yiuf.
Crazy Yiuf is moderately wounded.
Crazy Yiuf hits you with a +3 quarterstaff of chaos!
You hit Crazy Yiuf.
Crazy Yiuf is moderately wounded.
Crazy Yiuf hits you but does no damage.
You are poisoned.
You hit Crazy Yiuf but do no damage. You peck Crazy Yiuf, but do no damage.
Crazy Yiuf is moderately wounded.
You feel very sick.
Crazy Yiuf hits you with a +3 quarterstaff of chaos!
You hit Crazy Yiuf. Your kick misses Crazy Yiuf.
Crazy Yiuf is heavily wounded.
You feel very sick.
Crazy Yiuf hits you with a +3 quarterstaff of chaos!
You die...

>.##.####.##.......#
####### #.##.#
#.##.#####.# #.....#
...#.####.##.# #.#
#.###.#
(#.......##### ###
#...#.# ...#######
#.#.#.# .#.#
77777##.#.#.# ...#
### 777.7.........#
.###
#...#7..7......#.###
.#
#...g@7777.......#
.######### #)..#77
77......###
.........# ###
77####...#
.#####.### ##.#.#
.......### ##....#
.........#####
#.....#
.......##.#..#
##...##
...###.##.#..# ##.##
.............# #.#


You could see Crazy Yiuf.

Vanquished Creatures
  An orc priest (D:3)
  Jessica (D:3)
  5 adders
  A dart slug (D:1)
  2 orcs (D:3)
  5 bats
  3 endoplasms
  4 giant cockroaches
  5 goblins
  5 hobgoblins
  9 ball pythons
  3 frilled lizards
  2 kobolds
  5 rats
51 creatures vanquished.

Vanquished Creatures (others)
  A rat (D:1)
1 creature vanquished.

Grand Total: 52 creatures vanquished

Notes
Turn   | Place    | Note
-------+----------+-------------------------------------------
     0 | D:1      | qw the Tengu Warper began the quest for the Orb.
     0 | D:1      | Reached XP level 1. HP: 12/12 MP: 4/4
     0 | D:1      | 0 ||| qw: Version: 0.1-a-89-g26bdef1
     0 | D:1      | 0 ||| qw: Game counter: 3025
     0 | D:1      | 0 ||| qw: Always use a shield: true
     0 | D:1      | 0 ||| qw: God list: Okawaru
     0 | D:1      | 0 ||| qw: Allow faded altars: false
     0 | D:1      | 0 ||| qw: Do Orc after D:15 true
     0 | D:1      | 0 ||| qw: Do second Lair branch before Depths: true
     0 | D:1      | 0 ||| qw: Lair rune preference: random
     0 | D:1      | 0 ||| qw: Plans: Normal
     0 | D:1      | 0 ||| PLANNING D:1-11
   177 | D:1      | Reached XP level 2. HP: 16/17 MP: 6/6
   187 | D:1      | Reached skill level 3 in Axes
   344 | D:1      | Noticed an eye of devastation
   347 | D:1      | Found a faded altar of an unknown god.
   458 | D:1      | Noticed a floating eye
   458 | D:1      | Noticed a shining eye
   458 | D:1      | Noticed a floating eye
   614 | D:1      | 614 ||| Stepping ~*~*~tactically~*~*~ (stealth).
   728 | D:1      | 728 ||| UPGRADING to +0 plate armour.
   738 | D:1      | 738 ||| DROPPING +0 leather armour.
   739 | D:1      | 739 ||| DROPPING orb of mayhem.
   740 | D:1      | 740 ||| UPGRADING to +0 cloak.
   745 | D:1      | 745 ||| READING scroll labelled BIRRIS VATUWN.
   745 | D:1      | Identified a scroll of acquirement
   745 | D:1      | 745 ||| ACQUIRING +2 hat
   745 | D:1      | Acquired a +2 hat
   747 | D:1      | 747 ||| UPGRADING to +2 hat.
   752 | D:1      | 752 ||| DRINKING 2 inky potions.
   753 | D:1      | 753 ||| DROPPING scroll of blinking.
   754 | D:1      | 754 ||| DROPPING potion of flight.
   792 | D:2      | Reached XP level 3. HP: 21/21 MP: 7/7
  1021 | D:2      | Reached skill level 4 in Axes
  1330 | D:2      | 1330 ||| Stepping ~*~*~tactically~*~*~ (stealth).
  1331 | D:2      | 1331 ||| Stepping ~*~*~tactically~*~*~ (stealth).
  1369 | D:2      | Reached XP level 4. HP: 26/26 MP: 8/8
  1635 | D:2      | 1635 ||| DROPPING amulet of faith.
  1636 | D:2      | 1636 ||| READING scroll labelled INAANN XYGRUSU.
  1637 | D:2      | 1637 ||| READING 3 scrolls labelled XOVVEBUAGE.
  1638 | D:2      | 1638 ||| READING 3 scrolls labelled HIREAVAPNESK.
  1639 | D:2      | 1639 ||| READING scroll labelled MIPA TEARCHOKO.
  1640 | D:2      | 1640 ||| READING scroll labelled DOSSYK UNAA.
  1641 | D:2      | 1641 ||| READING 2 scrolls of identify.
  1641 | D:2      | 1641 ||| IDENTIFYING silvery potion
  1642 | D:2      | 1642 ||| DROPPING 2 scrolls of immolation.
  1941 | D:3      | 1941 ||| Stepping ~*~*~tactically~*~*~ (stealth).
  2098 | D:3      | Noticed Jessica
  2102 | D:3      | Killed Jessica
  2103 | D:3      | Reached skill level 5 in Axes
  2103 | D:3      | Gained mutation: Your magical nature lets you fly swiftly
                  | and evasively. [Tengu growth]
  2103 | D:3      | Reached XP level 5. HP: 30/30 MP: 9/9
  2235 | D:3      | 2235 ||| FLEEEEING.
  2236 | D:3      | 2236 ||| FLEEEEING.
  2237 | D:3      | 2237 ||| FLEEEEING.
  2238 | D:3      | 2238 ||| FLEEEEING.
  2239 | D:3      | 2239 ||| FLEEEEING.
  2240 | D:3      | 2240 ||| FLEEEEING.
  2241 | D:3      | 2241 ||| FLEEEEING.
  2242 | D:3      | 2242 ||| FLEEEEING.
  2243 | D:3      | 2243 ||| FLEEEEING.
  2244 | D:3      | 2244 ||| FLEEEEING.
  2245 | D:3      | 2245 ||| FLEEEEING.
  2246 | D:3      | 2246 ||| FLEEEEING.
  2247 | D:3      | 2247 ||| FLEEEEING.
  2248 | D:3      | 2248 ||| FLEEEEING.
  2249 | D:3      | 2249 ||| FLEEEEING.
  2250 | D:3      | 2250 ||| FLEEEEING.
  2251 | D:3      | 2251 ||| FLEEEEING.
  2252 | D:3      | 2252 ||| FLEEEEING.
  2253 | D:3      | 2253 ||| FLEEEEING.
  2254 | D:3      | 2254 ||| FLEEEEING.
  2255 | D:3      | 2255 ||| FLEEEEING.
  2256 | D:3      | 2256 ||| FLEEEEING.
  2261 | D:3      | 2261 ||| FLEEEEING.
  2262 | D:3      | 2262 ||| FLEEEEING.
  2263 | D:3      | 2263 ||| FLEEEEING.
  2264 | D:3      | 2264 ||| FLEEEEING.
  2273 | D:3      | 2273 ||| FLEEEEING.
  2274 | D:3      | 2274 ||| FLEEEEING.
  2275 | D:3      | 2275 ||| FLEEEEING.
  2276 | D:3      | 2276 ||| FLEEEEING.
  2277 | D:3      | 2277 ||| FLEEEEING.
  2279 | D:3      | 2279 ||| STAIRDANCE
  2362 | D:2      | 2362 ||| DROPPING +6 ring of intelligence.
  2363 | D:2      | 2363 ||| READING 3 scrolls labelled MIGHEI LIKUIME.
  2364 | D:2      | 2364 ||| READING scroll labelled OLUAHA KOKHO.
  2365 | D:2      | 2365 ||| READING scroll labelled KEEPNA ASIOTAYP.
  2366 | D:2      | 2366 ||| DROPPING 2 scrolls of magic mapping.
  2373 | D:3      | 2373 ||| Stepping ~*~*~tactically~*~*~ (hiding).
  2383 | D:3      | 2383 ||| STAIRDANCE
  2529 | D:3      | 2529 ||| DROPPING +0 mace.
  2530 | D:3      | 2530 ||| DROPPING +0 flail.
  2606 | D:3      | Found a runed translucent door.
  2607 | D:3      | Noticed Crazy Yiuf
  2815 | D:3      | 2815 ||| Stepping randomly (stuck).
  2819 | D:3      | HP: 6/30 [Crazy Yiuf/+3 quarterstaff of chaos (8)]
  2820 | D:3      | Slain by Crazy Yiuf

Levels and vault maps discovered:
D:1:      lightli_arrival_boilingwater, layout_basic,
          hellmonk_ecumenical_altar_watching_god, lemuel_old_faithful
D:2:      layout_basic
D:3:      layout_loops_cross, kennysheep_orc_chapel, uniq_crazy_yiuf_cottage,
          uniq_jessica

Skill      XL: |  1  2  3  4 |
---------------+-------------+-----
Axes           | 3 4 5 |  5.6
Armour         | 2 |  2.0
Fighting       | |  2.0
Throwing       | |  1.0
Dodging        | |  2.1
Spellcasting   | |  2.0
Translocations | |  2.4

Action                   |  1- 3 |  4- 6 || total
-------------------------+-------+-------++-------
Melee: Hand axe          |    68 |    44 ||   112
       Peck              |    11 |     5 ||    16
       Kick              |    19 |    13 ||    32
Throw: Boomerang         |     7 |       ||     7
  Use: Scroll            |     1 |     9 ||    10
       Potion            |     1 |       ||     1
Armor: Leather armour    |     4 |       ||     4
       Plate armour      |    30 |    29 ||    59
Dodge: Dodged            |    17 |     6 ||    23

Table legend:
 A = Non-vault XP
 B = Vault XP
 C = Vault XP percentage of total XP
 D = Non-vault monster count
 E = Vault monster count
 F = Vault count percentage of total count
                 A         B        C        D         E       F
            +---------+---------+-------+---------+---------+-------
      Total |     135 |      87 |  39.2 |      47 |       4 |   7.8
            +---------+---------+-------+---------+---------+-------
        D:1 |      33 |       0 |   0.0 |      18 |       0 |   0.0
        D:2 |      62 |       0 |   0.0 |      19 |       0 |   0.0
        D:3 |      40 |      87 |  68.5 |      10 |       4 |  28.6
            +---------+---------+-------+---------+---------+-------
